 Dungeon Crawl Stone Soup version 0.29.1-15-g9cfb28693d (webtiles) character file.

Game seed: 16369606418217564792

239 LustLizard the Ruffian (level 5, -3/41 HPs)
             Began as a Demigod Transmuter on Mar 26, 2023.
             Succumbed to a water moccasin's poison
             ... on level 5 of the Dungeon.
             The game lasted 00:06:12 (4525 turns).

LustLizard the Ruffian (Demigod Transmuter)         Turns: 4525, Time: 00:06:12

Health: -3/41      AC:  5    Str: 15    XL:     5   Next: 49%
Magic:  6/11       EV: 11    Int: 15    God:
Gold:   133        SH:  0    Dex: 14    Spells: 2/9 levels left

rFire   + . .      SeeInvis .     - Unarmed
rCold   + . .      Faith    .   (no shield)
rNeg    . . .      Spirit   +   o - +2 leather armour {rF+}
rPois   .          Reflect  .   (helmet currently unavailable)
rElec   .          Harm     .   (no cloak)
rCorr   .          Rampage  .   (no gloves)
Will    +....                   (boots currently unavailable)
Stlth   ++........              m - amulet of guardian spirit
HPRegen 0.13/turn               p - ring of protection from cold
MPRegen 0.12/turn               q - ring of willpower

@: lethally poisoned (-3 -> -27), appendages, wereblooded
A: horns 2, talons 2, high MP 1, forlorn, divine attributes
a: End Transformation


You were on level 5 of the Dungeon.
You had temporarily grown beastly horns and talons.
You visited 1 branch of the dungeon, and saw 5 of its levels.

You collected 133 gold pieces.

Inventory:

Armour
 a - a +0 robe
 o - a +2 leather armour of fire resistance (worn)
Jewellery
 j - a ring of fire
 m - an amulet of guardian spirit (around neck)
 p - a ring of protection from cold (left hand)
 q - a ring of willpower (right hand)
Scrolls
 c - 3 scrolls of teleportation {unknown}
 e - a scroll of amnesia {unknown}
 g - a scroll of enchant weapon {unknown}
 i - a scroll of identify
 r - a scroll of torment {unknown}
 t - a scroll of noise {unknown}
 u - a scroll of silence {unknown}
Potions
 b - a potion of lignification
 f - a potion of resistance
 h - a potion of haste {unknown}
 k - a potion of attraction {unknown}
 l - a potion of brilliance {unknown}
 n - a potion of magic {unknown}
 s - 2 potions of might
 v - a potion of mutation {unknown}


   Skills:
 + Level 2.0 Fighting
 - Level 1.7 Dodging
 + Level 1.8 Stealth
 + Level 3.3 Unarmed Combat
 + Level 2.6 Spellcasting
 * Level 3.3 Transmutations
 * Level 1.3 Ice Magic


You had 2 spell levels left.
You knew the following spells:

 Your Spells              Type           Power      Damage    Failure   Level
a - Beastly Appendage     Tmut           24%        N/A       6%          1
b - Wereblood             Tmut           12%        N/A       10%         2
c - Ice Form              Ice/Tmut       8%         N/A       69%         4

Your spell library contained the following spells:

 Spells                   Type           Power      Damage    Failure   Level
 Freeze                   Ice            20%        1d4       16%         1
 Shock                    Conj/Air       4%         1d3       26%         1
 Spider Form              Tmut/Pois      6%         N/A       36%         3
 Frozen Ramparts          Ice            10%        1d2       41%         3
 Ignite Poison            Fire/Tmut/Pois 5%         N/A       43%         3
 Mephitic Cloud           Conj/Pois/Air  1%         N/A       61%         3
 Swiftness                Air            1%         N/A       61%         3
 Hailstorm                Conj/Ice       3%         3d3       89%         4
 Airstrike                Air            0%         2d(1-17)  95%         4
 Freezing Cloud           Conj/Ice/Air   1%         6-21      99%         5


Dungeon Overview and Level Annotations

Branches:
Dungeon (5/15)
 Temple: D:4-7

Annotations:
D:4 2 transporters, BuddhaDhamma's ghost, novice MiBe


Innate Abilities, Weirdness & Mutations

You have temporarily grown beastly horns and talons.
You have an increased reservoir of magic. (+10% MP)
You shall have no god before yourself.
Your divine heritage dramatically boosts your attributes as you level up.


Message History

The water moccasin poisons you!
You hit the water moccasin.
The water moccasin is lightly wounded.
You feel very sick.
The water moccasin bites you but does no damage.
The water moccasin bites you.
You are more poisoned.
The water moccasin poisons you!
You closely miss the water moccasin.
You claw the water moccasin, but do no damage.
You punch the water moccasin.
The water moccasin is moderately wounded.
You feel extremely sick. The water moccasin bites you.
You closely miss the water moccasin. You claw the water moccasin.
Your headbutt misses the water moccasin.
The water moccasin is heavily wounded.
You feel very sick. The water moccasin barely misses you.
You barely miss the water moccasin.
The water moccasin is heavily wounded.
* * * LOW HITPOINT WARNING * * *
You feel very sick. The water moccasin bites you.
* * * LOW HITPOINT WARNING * * *
The water moccasin bites you.
* * * LOW HITPOINT WARNING * * *
You are more poisoned.
The water moccasin poisons you!
You hit the water moccasin but do no damage.
Your kick misses the water moccasin.
The water moccasin is heavily wounded.
* * * LOW HITPOINT WARNING * * *
You feel very sick.
The water moccasin bites you but does no damage.
You hit the water moccasin but do no damage.
You claw the water moccasin, but do no damage.
Your headbutt misses the water moccasin.
The water moccasin is heavily wounded.
You die...

#..### #..#.## #
....# #<....#.##
...# #........+
...## ##........
....###
###..#######
#.....# #....#
#....# #.##.#
#S..# #.##.#
#.#@+# #....#
#.#..# ####.#
#.#..# #.#
#>#..##### #.#
#.#......# #.#
#.#....#.#
#.########.#...##
#.......^.....##
#.######.##...#


You could see a water moccasin.

Vanquished Creatures
  A scorpion (D:4)
  A hound (D:4)
  An iguana (D:4)
  7 adders
  2 ufetubi
  A dart slug (D:2)
  2 ball pythons (D:3)
  3 endoplasms
  2 giant cockroaches (D:3)
  7 hobgoblins
  2 quokkas (D:3)
  7 bats
  4 frilled lizards
  7 goblins
  4 kobolds
  4 rats
  A toadstool (D:1)
56 creatures vanquished.

Vanquished Creatures (others)
  3 toadstools (D:1)
3 creatures vanquished.

Grand Total: 59 creatures vanquished

Notes
Turn   | Place    | Note
-------+----------+-------------------------------------------
     0 | D:1      | LustLizard the Demigod Transmuter began the quest for the
                  | Orb.
     0 | D:1      | Reached XP level 1. HP: 15/15 MP: 5/5
   166 | D:1      | Reached skill level 1 in Fighting
  1148 | D:2      | Reached XP level 2. HP: 23/23 MP: 4/7
  1374 | D:2      | Learned a level 2 spell: Wereblood
  1688 | D:2      | Reached XP level 3. HP: 24/28 MP: 4/8
  2091 | D:2      | Reached skill level 1 in Stealth
  2751 | D:3      | Reached XP level 4. HP: 31/35 MP: 6/10
  3601 | D:4      | Learned a level 4 spell: Ice Form
  3647 | D:4      | Reached skill level 1 in Ice Magic
  3647 | D:4      | Reached XP level 5. HP: 13/41 MP: 2/11
  3996 | D:4      | Found a transporter.
  3996 | D:4      | Noticed BuddhaDhamma's ghost (novice MiBe)
  4378 | D:4      | Found a transporter.
  4481 | D:5      | Entered Level 5 of the Dungeon
  4514 | D:5      | Noticed a water moccasin
  4524 | D:5      | HP: 2/41 [poisoned by a water moccasin]
  4525 | D:5      | Succumbed to a water moccasin's poison

Illustrated notes

Levels and vault maps discovered:
D:1:      ldierk_water_garden, layout_basic, minmay_strange_pillars
D:2:      layout_basic, hellmonk_ecumenical_altar_prayer_group
D:3:      layout_basic, nzn_hepliaklqana_mist_gate, kennysheep_path_1
D:4:      layout_cave_pools, nicolae_uskayaw_suspiria,
          gammafunk_ghost_mausoleum, minivault_19
D:5:      minmay_bubble_buster, layout_loops_corners,
          cheibrodos_sewer_entry_sluice, serial_rivers,
          chequers_serial_rivers_large_b, chequers_serial_rivers_large_a,
          chequers_serial_rivers_micro_c, chequers_serial_rivers_micro_d,
          chequers_serial_rivers_room_b, minmay_statues_item, nrook_campfire,
          minivault_5, uniq_grinder

Skill      XL: |  1  2  3  4  5 |
---------------+----------------+-----
Fighting       | 1 2 |  2.0
Transmutations | 2 3 |  3.3
Spellcasting   | 2 |  2.6
Stealth        | 1 |  1.8
Unarmed Combat | 3 |  3.3
Ice Magic      | 1 |  1.3
Dodging        | |  1.7

Action                   |  1- 3 |  4- 6 || total
-------------------------+-------+-------++-------
Melee: Unarmed           |   106 |    86 ||   192
       Kick              |    17 |    23 ||    40
       Headbutt          |     5 |     9 ||    14
       Punch             |       |     2 ||     2
 Cast: Beastly Appendage |    31 |    14 ||    45
       Wereblood         |     2 |     2 ||     4
  Use: Scroll            |     2 |     2 ||     4
       Potion            |       |     3 ||     3
 Stab: Sleeping          |     2 |     2 ||     4
Armor: Robe              |    11 |       ||    11
       Leather armour    |     4 |    40 ||    44
Dodge: Dodged            |    62 |    77 ||   139
